 Dungeon Crawl Stone Soup version 0.31-a0-360-gb3e1d13bf4 (webtiles) character file.

Game seed: 14609747756595305045

51 LeprechaunX the Ruffian (level 3, -1/24 HPs)
             Began as an Octopode Shapeshifter on July 26, 2023.
             Slain by a jackal (3 damage)
             ... on level 2 of the Dungeon.
             The game lasted 00:00:53 (993 turns).

LeprechaunX the Ruffian (Octopode Shapeshifter)      Turns: 993, Time: 00:00:53

Health: -1/24      AC:  1    Str: 16    XL:     3   Next: 83%
Magic:  3/3        EV: 13    Int: 10    God:
Gold:   102        SH:  0    Dex: 12    Spells: 2/2 levels left

rFire   . .          .
                       - Unarmed
rCold   . . .        (no shield)
rNeg    . . .        (helmet currently unavailable)
rPois   .            (no amulet)
rElec   .            (no ring)
rCorr   .            (no ring)
SInv    .            (no ring)
Will    .....        (no ring)
Stlth   ++           (no ring)
HPRegen 0.24/turn    (no ring)
MPRegen 0.08/turn    (no ring)
                     (no ring)

%: no passive effects
@: beast-form
A: beast (slay +2), almost no armour, amphibious, 8 rings, camouflage 1,
gelatinous body 1, (nimble swimmer 1), tentacles
a: Begin Untransformation


You were on level 2 of the Dungeon.
You were a hulking beast.
You visited 1 branch of the dungeon, and saw 2 of its levels.

You collected 102 gold pieces.

Inventory:

Missiles
 e - 3 poisoned darts
Talismans
 b - a beast talisman
Scrolls
 c - a scroll of teleportation {unknown}
 d - a scroll of identify {unknown}
Potions
 a - 2 potions of lignification
 f - a potion of mutation {unknown}


   Skills:
 + Level 1.7 Fighting
 + Level 2.4 Dodging
 * Level 3.7 Unarmed Combat
 + Level 3.2 Shapeshifting


You had 2 spell levels left.
You didn't know any spells.
Your spell library contained the following spells:

 Spells                   Type           Power      Damage    Failure   Level
 Freeze                   Ice            0%         1d3       36%         1
 Frozen Ramparts          Ice            0%         1d1       75%         3
 Hailstorm                Conj/Ice       0%         3d3       75%         3


Dungeon Overview and Level Annotations

Branches:
Dungeon (2/15)

Altars:


Innate Abilities, Weirdness & Mutations

You are a hulking beast.
Your limbs bulge with bestial killing power. (Slay +2)
You cannot wear most types of armour.
You are amphibious.
You can wear up to eight rings at the same time.
Your skin changes colour to match your surroundings (Stealth+).
Your rubbery body absorbs attacks. (AC +1, EV +1)
((You are camouflaged when in or above water. (Stealth+)))
You have tentacles for arms and can constrict up to eight enemies at once.


Message History

The goblin shoots a sling bullet.
The sling bullet hits you.
You see here a +0 dagger.
You swing at nothing.
The goblin shoots a sling bullet.
The sling bullet closely misses you.
The goblin unwields a +0 sling.
The goblin wields a +0 club.
The goblin closely misses you.
You barely miss the goblin. You grab the goblin. You squeeze the goblin.
The goblin is heavily wounded.
You constrict the goblin. The goblin hits you with a +0 club.
You tentacle-slap the goblin.
You kill the goblin!
You tentacle-slap the hobgoblin. You grab the hobgoblin.
The hobgoblin is heavily wounded.
You constrict the hobgoblin.
The hobgoblin hits you but does no damage.
Robin throws the goblin at you!
You tentacle-slap the hobgoblin.
You kill the hobgoblin!
The goblin hits you with a +0 club.
You closely miss Robin. You grab Robin. You squeeze Robin.
Robin is lightly wounded.
You constrict Robin. The goblin hits you with a +0 club.
* * * LOW HITPOINT WARNING * * *
Robin hits you with a +0 dagger.
* * * LOW HITPOINT WARNING * * *
You completely miss Robin. You squeeze Robin!
Robin is severely wounded.
You constrict Robin. The goblin closely misses you.
Robin hits you with a +0 dagger.
* * * LOW HITPOINT WARNING * * *
You tentacle-slap Robin. You squeeze Robin.
You kill Robin!
The goblin barely misses you.
Unknown command.
You tentacle-slap the goblin. You grab the goblin.
The goblin is severely wounded.
You constrict the goblin.
You kill the goblin!
The jackal barely misses you. The jackal bites you.
You die...

~~~~.........#.#
~~♣..........#.#
..........g..#.#
......†.....l#.#
..........ggr.>###
...........g.h†..#
.......$.....###r#
.............# #h#
.############# #h#
. #)# #.# #.# #.#
#.# #.# #..... #.#
#..... #.#


You could see a jackal and a rat.

Vanquished Creatures
  Robin (D:2)
  4 ball pythons
  2 bats
  4 endoplasms (D:1)
  3 giant cockroaches
  8 hobgoblins
  2 jackals (D:2)
  2 kobolds (D:1)
  3 frilled lizards
  6 goblins
  A rat (D:1)
36 creatures vanquished.

Notes
Turn   | Place    | Note
-------+----------+-------------------------------------------
     0 | D:1      | LeprechaunX the Octopode Shapeshifter began the quest for
                  | the Orb.
     0 | D:1      | Reached XP level 1. HP: 13/13 MP: 1/1
   228 | D:1      | Reached XP level 2. HP: 12/18 MP: 2/2
   890 | D:2      | Reached XP level 3. HP: 23/23 MP: 3/3
   949 | D:2      | Noticed Robin
   992 | D:2      | Killed Robin
   993 | D:2      | Slain by a jackal

Illustrated notes

Levels and vault maps discovered:
D:1:      lightli_arrival_isolated_outpost, layout_loops_ring, chequers_avenue,
          minmay_crystal_water, minmay_cupped
D:2:      layout_basic, basic_altar, serial_bayou, serial_bayou_ford_a,
          serial_bayou_crossing, serial_bayou_pond_c, serial_bayou_pond_d,
          uniq_robin

Action                     || total
---------------------------++-------
  Melee: Unarmed           ||    70
         Constrict         ||    15
         Tentacles         ||    16
         Punch             ||     2
   Stab: Sleeping          ||     3
 Armour: Skin              ||     7
  Dodge: Dodged            ||    53

Table legend: (Time is in decaauts)
 A = Elapsed time spent in this place.
 B = Non-inter-level travel time spent in this place.
 C = Inter-level travel time spent in this place.
 D = Time resting spent in this place.
 E = Time spent auto-exploring this place.
 F = Levels seen in this place.
 G = Mean time per level.
                   A        B        C        D        E       F      G
               +--------+--------+--------+--------+--------+-----+--------+
         Total |    988 |    911 |     77 |      0 |    727 |   2 |  494.0 |
       Dungeon |    988 |    911 |     77 |      0 |    727 |   2 |  494.0 |
               +--------+--------+--------+--------+--------+-----+--------+

Top non-repeatable levels by time:
     D:1: 828 daAuts
     D:2: 159 daAuts
